FSL
ST. PETERSBURG SAINTS @ MIAMI WHALES
07/07/1982
 
TOP OF THE 1ST
St. Petersburg Saints batting - Pitching for Miami Whales : RHP Craig Jones
Pitching: RHP Craig Jones
Batting: RHB Jeff Pyburn 0-0: Foul Ball, location: 2F
0-1: Foul Ball, location: 2F
0-2: Ball
1-2: Ball
2-2: Ball
3-2: Strikes out swinging
Batting: LHB Al Leboeuf 0-0: Fly out, F9 (Line Drive, 9D, EV 91.3 MPH)
Batting: LHB Terry Blocker 0-0: Ball
1-0: Ball
2-0: Called Strike
2-1: SINGLE (Line Drive, 89S, EV 87.5 MPH)
Batting: RHB Rock Coyle 0-0: Ball
Terry Blocker is caught stealing 2nd base 2-4
Top of the 1st over - 0 runs, 1 hit, 0 errors, 0 left on base; St. Petersburg 0 - Miami 0
BOTTOM OF THE 1ST
Miami Whales batting - Pitching for St. Petersburg Saints : RHP Rich Zelaya
Pitching: RHP Rich Zelaya
Batting: SHB Ramon Alcantara 0-0: Called Strike
0-1: Ball
1-1: Swinging Strike
1-2: Ball
2-2: Strikes out swinging
Batting: RHB Donald Hubbard 0-0: Ball
1-0: Foul Ball, location: 2F
1-1: Called Strike
1-2: Fly out, F9 (Flyball, 89M, EV 73.1 MPH)
Batting: RHB Tom Grant 0-0: Ball
1-0: Foul Ball, location: 2F
1-1: Foul Ball, location: 2F
1-2: Ball
2-2: SINGLE (Groundball, 34D, EV 104.4 MPH)
Batting: LHB Lorenzo Bundy 0-0: Called Strike
0-1: Ball
1-1: Ball
2-1: Ball
3-1: SINGLE (Flyball, 8RS, EV 98.1 MPH)
Tom Grant to second
Runner from 2nd tries for 3rd, SAFE, no throw by CF
Batting: RHB Rafael Ortega 0-0: 3-RUN HOME RUN (Line Drive, 7D, EV 101.3 MPH), Distance : 366 ft
Batting: RHB Steve Benson 0-0: Called Strike
0-1: Ball
1-1: SINGLE (Groundball, 4S, EV 68.8 MPH) (infield hit)
Batting: RHB Ramon Cardenas 0-0: Called Strike
0-1: Called Strike
0-2: Ball
1-2: Fielders Choice at 2nd, 6-4 (Groundball, 6, EV 86.9 MPH)
Bottom of the 1st over - 3 runs, 4 hits, 0 errors, 1 left on base; St. Petersburg 0 - Miami 3
TOP OF THE 2ND
St. Petersburg Saints batting - Pitching for Miami Whales : RHP Craig Jones
Batting: RHB Rock Coyle 0-0: Ball
1-0: Ball
2-0: Called Strike
2-1: Ball
3-1: Foul Ball, location: 2F
3-2: Ground out 5-3 (Groundball, 56S, EV 85.6 MPH)
Batting: RHB Ric Despaux 0-0: Called Strike
0-1: Foul Ball, location: 2F
0-2: Fly out, F9 (Flyball, 9D, EV 105.6 MPH)
Batting: RHB Jerry Johnson 0-0: Ball
1-0: Ball
2-0: Called Strike
2-1: Fly out, F7 (Flyball, 78XD, EV 101.9 MPH)
Top of the 2nd over - 0 runs, 0 hits, 0 errors, 0 left on base; St. Petersburg 0 - Miami 3
BOTTOM OF THE 2ND
Miami Whales batting - Pitching for St. Petersburg Saints : RHP Rich Zelaya
Batting: SHB Philip Rossi 0-0: Called Strike
0-1: Ball
1-1: Swinging Strike
1-2: Strikes out swinging
Batting: RHB Patrick Rubino 0-0: Called Strike
0-1: Ball
1-1: Ball
2-1: Swinging Strike
2-2: SOLO HOME RUN (Flyball, 7LD, EV 90.0 MPH), Distance : 356 ft
Batting: SHB Ramon Alcantara 0-0: Ball
1-0: Ball
2-0: Foul Ball, location: 2F
2-1: Called Strike
2-2: Foul Ball, location: 2F
2-2: Foul Ball, location: 2F
2-2: Fly out, F8 (Line Drive, 8LM, EV 95.0 MPH)
Batting: RHB Donald Hubbard 0-0: Ball
1-0: Foul Ball, location: 2F
1-1: Swinging Strike
1-2: Strikes out swinging
Bottom of the 2nd over - 1 run, 1 hit, 0 errors, 0 left on base; St. Petersburg 0 - Miami 4
TOP OF THE 3RD
St. Petersburg Saints batting - Pitching for Miami Whales : RHP Craig Jones
Batting: RHB Randy Ingle 0-0: Ground out 6-3 (Groundball, 6D, EV 101.9 MPH)
Batting: RHB Roberto Alvarez 0-0: Ball
1-0: Called Strike
1-1: Foul Ball, location: 2F
1-2: Foul Ball, location: 2F
1-2: Ball
2-2: Foul Ball, location: 2F
2-2: Fly out, F5 (Line Drive, 5, EV 70.0 MPH)
Batting: RHB Pablo Carballo 0-0: Ball
1-0: Swinging Strike
1-1: Ball
2-1: Swinging Strike
2-2: Ball
3-2: Strikes out swinging
Top of the 3rd over - 0 runs, 0 hits, 0 errors, 0 left on base; St. Petersburg 0 - Miami 4
BOTTOM OF THE 3RD
Miami Whales batting - Pitching for St. Petersburg Saints : RHP Rich Zelaya
Batting: RHB Tom Grant 0-0: Ball
1-0: SOLO HOME RUN (Flyball, 7LD, EV 94.4 MPH), Distance : 354 ft
Batting: LHB Lorenzo Bundy 0-0: Called Strike
0-1: Ball
1-1: Swinging Strike
1-2: Ball
2-2: Ground out U3 (Groundball, 34, EV 86.9 MPH)
Batting: RHB Rafael Ortega 0-0: SINGLE (Line Drive, 34, EV 97.5 MPH)
Batting: RHB Steve Benson 0-0: Ball
1-0: Called Strike
1-1: Ball
2-1: Grounds into double play, 3-6-3 (Groundball, 34, EV 78.8 MPH)
Bottom of the 3rd over - 1 run, 2 hits, 0 errors, 0 left on base; St. Petersburg 0 - Miami 5
TOP OF THE 4TH
St. Petersburg Saints batting - Pitching for Miami Whales : RHP Craig Jones
Batting: RHB Jeff Pyburn 0-0: Ball
1-0: Ground out 4-3 (Groundball, 4M, EV 96.3 MPH)
Batting: LHB Al Leboeuf 0-0: Fly out, F7 (Flyball, 7LS, EV 88.1 MPH)
Batting: LHB Terry Blocker 0-0: Ball
1-0: Foul Ball, location: 2F
1-1: Called Strike
1-2: Ground out 5-3 (Groundball, 56S, EV 87.5 MPH)
Top of the 4th over - 0 runs, 0 hits, 0 errors, 0 left on base; St. Petersburg 0 - Miami 5
BOTTOM OF THE 4TH
Miami Whales batting - Pitching for St. Petersburg Saints : RHP Rich Zelaya
Batting: RHB Ramon Cardenas 0-0: Ball
1-0: Swinging Strike
1-1: SINGLE (Groundball, 56D, EV 110.0 MPH)
Batting: SHB Philip Rossi 0-0: Fielders Choice at 2nd, 6-4 (Groundball, 6M, EV 107.5 MPH)
Batting: RHB Patrick Rubino 0-0: Foul Ball, location: 2F
0-1: Ball
1-1: Ball
2-1: Grounds into double play, 6-4-3 (Groundball, 6, EV 98.1 MPH)
Bottom of the 4th over - 0 runs, 1 hit, 0 errors, 0 left on base; St. Petersburg 0 - Miami 5
TOP OF THE 5TH
St. Petersburg Saints batting - Pitching for Miami Whales : RHP Craig Jones
Batting: RHB Rock Coyle 0-0: Foul Ball, location: 2F
0-1: Ball
1-1: Swinging Strike
1-2: Ground out 5-3 (Groundball, 56, EV 81.3 MPH)
Batting: RHB Ric Despaux 0-0: Called Strike
0-1: Fly out, F8 (Line Drive, 8LD, EV 97.5 MPH)
Batting: RHB Jerry Johnson 0-0: Ball
1-0: SINGLE (Line Drive, 4D, EV 95.0 MPH)
Batting: RHB Randy Ingle 0-0: Reached on error, E9 (Flyball, 89M, EV 80.6 MPH)
Jerry Johnson to third
Batting: RHB Roberto Alvarez 0-0: Ball
1-0: Swinging Strike
1-1: Ground out 5-3 (Groundball, 56S, EV 83.1 MPH)
Top of the 5th over - 0 runs, 1 hit, 1 error, 2 left on base; St. Petersburg 0 - Miami 5
BOTTOM OF THE 5TH
Miami Whales batting - Pitching for St. Petersburg Saints : RHP Rich Zelaya
Batting: SHB Ramon Alcantara 0-0: Ball
1-0: Ball
2-0: Ball
3-0: Called Strike
3-1: Foul Ball, location: 2F
3-2: Base on Balls
Batting: RHB Donald Hubbard 0-0: Ball
1-0: SINGLE (Groundball, 6M, EV 106.9 MPH)
Ramon Alcantara to second
Runner from 2nd tries for 3rd, SAFE, no throw by CF
Batting: RHB Tom Grant 0-0: Called Strike
0-1: Ball
1-1: Ball
2-1: Called Strike
Donald Hubbard steals 2nd base
2-2: Foul Ball, location: 2F
2-2: SINGLE (Groundball, 34D, EV 100.6 MPH)
Ramon Alcantara scores
Donald Hubbard to third
Runner from 3rd tries for Home, SAFE, throw by RF to home
Tom Grant to second
Pitching: LHP James Haight
Batting: LHB Lorenzo Bundy 0-0: SINGLE (Line Drive, 89M, EV 111.9 MPH)
Tom Grant to third
Runner from 3rd tries for Home, SAFE, throw by CF to home
Batting: RHB Rafael Ortega 0-0: Ball
1-0: Ball
2-0: Fielders Choice at 2nd, 3-6 (Groundball, 3, EV 105.6 MPH)
Batting: RHB Steve Benson 0-0: Swinging Strike
0-1: Ball
1-1: Ball
2-1: Ball
3-1: Base on Balls
Rafael Ortega to second
Batting: RHB Ramon Cardenas 0-0: Ball
1-0: Ball
2-0: Fly out, F6 (Popup, 6M, EV 77.5 MPH)
Batting: SHB Philip Rossi 0-0: Ball
1-0: Called Strike
1-1: DOUBLE (Flyball, 89D, EV 109.4 MPH)
Rafael Ortega scores
Steve Benson to third
Runner from 3rd tries for Home, SAFE, throw by RF to trailing runner, SAFE at third!
Batting: RHB Patrick Rubino 0-0: Foul Ball, location: 2F
0-1: Ball
1-1: Ball
2-1: Fly out, F9 (Flyball, 89D, EV 92.5 MPH)
Bottom of the 5th over - 5 runs, 4 hits, 0 errors, 1 left on base; St. Petersburg 0 - Miami 10
TOP OF THE 6TH
St. Petersburg Saints batting - Pitching for Miami Whales : RHP Craig Jones
Batting: RHB Pablo Carballo 0-0: Swinging Strike
0-1: Swinging Strike
0-2: Strikes out swinging
Batting: RHB Jeff Pyburn 0-0: Ball
1-0: Fly out, F9 (Flyball, 89M, EV 83.8 MPH)
Batting: LHB Al Leboeuf 0-0: Ball
1-0: Called Strike
1-1: Ball
2-1: Ground out 4-3 (Groundball, 4, EV 82.5 MPH)
Top of the 6th over - 0 runs, 0 hits, 0 errors, 0 left on base; St. Petersburg 0 - Miami 10
BOTTOM OF THE 6TH
Miami Whales batting - Pitching for St. Petersburg Saints : LHP James Haight
Pitching: RHP Scott Dwyer
Batting: SHB Ramon Alcantara 0-0: Called Strike
0-1: Foul Ball, location: 2F
0-2: Strikes out swinging
Batting: RHB Donald Hubbard 0-0: Ball
1-0: Foul Ball, location: 2F
1-1: Swinging Strike
1-2: Ball
2-2: Ground out 1-3 (Groundball, P, EV 63.8 MPH)
Batting: RHB Tom Grant 0-0: Ball
1-0: Ball
2-0: Ball
3-0: Base on Balls
Batting: LHB Lorenzo Bundy 0-0: Ball
1-0: Ball
2-0: Swinging Strike
2-1: Foul Ball, location: 2F
2-2: Foul Ball, location: 2F
2-2: Foul Ball, location: 2F
2-2: Foul Ball, location: 2F
2-2: Ball
3-2: Foul Ball, location: 2F
3-2: SINGLE (Line Drive, 5L, EV 100.0 MPH)
Tom Grant to second
Tom Grant to third
Batting: RHB Rafael Ortega 0-0: Ball
1-0: SINGLE (Line Drive, 8LS, EV 109.4 MPH)
Tom Grant scores
Lorenzo Bundy to second
Batting: RHB Steve Benson 0-0: Called Strike
0-1: Foul Ball, location: 2F
0-2: Ball
1-2: Ball
2-2: Ball
3-2: Fly out, F5 (Line Drive, 5, EV 65.6 MPH)
Bottom of the 6th over - 1 run, 2 hits, 0 errors, 2 left on base; St. Petersburg 0 - Miami 11
TOP OF THE 7TH
St. Petersburg Saints batting - Pitching for Miami Whales : RHP Craig Jones
Pinch Hitting: RHB Francisco Escalera 0-0: Ball
1-0: Called Strike
1-1: Ball
2-1: SINGLE (Groundball, 5S, EV 74.4 MPH) (infield hit)
Batting: RHB Rock Coyle 0-0: Called Strike
0-1: Ball
Francisco Escalera steals 2nd base (no throw)
1-1: Foul Ball, location: 2F
1-2: Ground out 5-3 (Groundball, 5, EV 79.4 MPH)
Batting: RHB Ric Despaux 0-0: Foul Ball, location: 2F
0-1: Swinging Strike
0-2: Fly out, F8 (Flyball, 8LS, EV 79.4 MPH)
Batting: RHB Jerry Johnson 0-0: Called Strike
0-1: Ball
1-1: Called Strike
1-2: Strikes out swinging
Top of the 7th over - 0 runs, 1 hit, 0 errors, 1 left on base; St. Petersburg 0 - Miami 11
BOTTOM OF THE 7TH
Miami Whales batting - Pitching for St. Petersburg Saints : RHP Scott Dwyer
Pitching: LHP Melvin Godard
Now in LF: Thomas Langham
Pinch Hitting: RHB Jonathan Cordova 0-0: Swinging Strike
0-1: Ball
1-1: Foul Ball, location: 2F
1-2: Ball
2-2: Strikes out looking
Batting: SHB Philip Rossi 0-0: Ball
1-0: Ground out 2-3 (Groundball, 13S, EV 63.1 MPH)
Batting: RHB Patrick Rubino 0-0: Ball
1-0: Ball
2-0: Ball
3-0: Ground out 4-3 (Groundball, 4, EV 85.6 MPH)
Bottom of the 7th over - 0 runs, 0 hits, 0 errors, 0 left on base; St. Petersburg 0 - Miami 11
TOP OF THE 8TH
St. Petersburg Saints batting - Pitching for Miami Whales : RHP Craig Jones
Now in CF: Jonathan Cordova
Batting: RHB Randy Ingle 0-0: Foul Ball, location: 2F
0-1: Ball
1-1: Ball
2-1: Ground out U3 (Groundball, 34, EV 101.3 MPH)
Pinch Hitting: RHB Pablo Cavallo 0-0: Ball
1-0: Ball
2-0: Called Strike
2-1: Swinging Strike
2-2: Foul Ball, location: 2F
2-2: Ball
3-2: SINGLE (Line Drive, 6MD, EV 96.3 MPH)
Batting: RHB Pablo Carballo 0-0: Ball
1-0: Called Strike
1-1: Called Strike
1-2: Strikes out looking
Batting: RHB Jeff Pyburn 0-0: Ball
1-0: Ball
2-0: Called Strike
2-1: SINGLE (Line Drive, 8LS, EV 99.4 MPH)
Pablo Cavallo to second
Batting: LHB Al Leboeuf 0-0: Called Strike
0-1: Ball
1-1: Ball
2-1: Foul Ball, location: 2F
2-2: Ball
3-2: SINGLE (Line Drive, 7LS, EV 105.0 MPH)
Pablo Cavallo to third
Jeff Pyburn to second
Pablo Cavallo scores
Jeff Pyburn to third
Batting: LHB Thomas Langham 0-0: Fly out, F9 (Line Drive, 9, EV 103.1 MPH)
Top of the 8th over - 1 run, 3 hits, 0 errors, 2 left on base; St. Petersburg 1 - Miami 11
BOTTOM OF THE 8TH
Miami Whales batting - Pitching for St. Petersburg Saints : LHP Melvin Godard
Now at 3B: Pablo Cavallo
Batting: SHB Ramon Alcantara 0-0: Ball
1-0: Ball
2-0: Called Strike
2-1: Foul Ball, location: 2F
2-2: Ball
3-2: SINGLE (Line Drive, 6MD, EV 110.0 MPH)
Batting: RHB Donald Hubbard 0-0: SINGLE (Groundball, 6D, EV 98.8 MPH)
Ramon Alcantara to second
Batting: RHB Tom Grant 0-0: Ball
Wild Pitch!
Ramon Alcantara to third
Donald Hubbard to second
1-0: Ball
2-0: Ball
3-0: Base on Balls
Batting: LHB Lorenzo Bundy 0-0: Fly out, F7 (Line Drive, 7, EV 90.6 MPH)
Runner from 3rd tags up, SCORES, no throw by LF
Pinch Hitting: LHB Brad Garnett 0-0: Foul Ball, location: 2F
0-1: Ball
1-1: Swinging Strike
1-2: Foul Ball, location: 2F
1-2: Fly out, F2 (Popup, 15S, EV 80.6 MPH)
Batting: RHB Steve Benson 0-0: Called Strike
0-1: Fly out, F6 (Popup, 56, EV 60.0 MPH)
Bottom of the 8th over - 1 run, 2 hits, 0 errors, 2 left on base; St. Petersburg 1 - Miami 12
TOP OF THE 9TH
St. Petersburg Saints batting - Pitching for Miami Whales : RHP Craig Jones
Now in RF: Brad Garnett
Pinch Hitting: RHB Joe Lansford 0-0: Ball
1-0: Fly out, F9 (Flyball, 9S, EV 84.4 MPH)
Batting: RHB Ric Despaux 0-0: Ground out 5-3 (Groundball, 56S, EV 87.5 MPH)
Batting: RHB Jerry Johnson 0-0: Fly out, F6 (Flyball, 56D, EV 88.8 MPH)
Top of the 9th over - 0 runs, 0 hits, 0 errors, 0 left on base; St. Petersburg 1 - Miami 12
Thursday, August 13th, 2020 - OOTP Baseball 21.5 Build 76